 Dungeon Crawl Stone Soup version 0.31-a0-175-g9f7f995f2b (webtiles) character file.

Game seed: 8972943654103456052

22320 qw the Cleaver (level 12, 0/77 HPs)
             Began as a Gargoyle Fighter on June 17, 2023.
             Was an Elder of Okawaru.
             Slain by a four-headed hydra (2 damage)
             ... on level 3 of the Lair of Beasts.
             The game lasted 00:07:36 (13537 turns).

qw the Cleaver (Gargoyle Fighter)                  Turns: 13537, Time: 00:07:36

Health: 0/77       AC: 35    Str: 24    XL:     12   Next: 99%
Magic:  16/16      EV: 14    Int: 11    God:    Okawaru [****..]
Gold:   431        SH:  7    Dex: 19    Spells: 11/11 levels left

rFire   + . .        Y - +2 war axe (venom)
rCold   . . .        c - +0 buckler
rNeg    + . .        w - +3 chain mail
rPois   inf          h - +1 helmet {Int+3}
rElec   +            o - +2 cloak
rCorr   .            t - +1 pair of gloves
SInv    .            v - +0 pair of boots
Will    .....        (no amulet)
Stlth   +            f - ring of protection from fire
HPRegen 0.32/turn    i - +6 ring of dexterity
MPRegen 0.15/turn

%: no passive effects
@: about to teleport, heroic, flying
A: sickness immunity, AC +8, negative energy resistance 1, electricity
resistance, torment resistance 1, petrification resistance, big wings, agile 1,
low MP 1
a: Renounce Religion, Heroism, Finesse


You were on level 3 of the Lair of Beasts.
You worshipped Okawaru.
Okawaru was greatly pleased with you.
You visited 2 branches of the dungeon, and saw 13 of its levels.

You collected 828 gold pieces.
You spent 397 gold pieces at shops.


Innate Abilities, Weirdness & Mutations

You are immune to sickness and miasma.
Your stone body is resilient. (AC +8)
You are immune to poison.
You resist negative energy. (rN+)
You are resistant to electric shocks. (rElec)
You are resistant to unholy torment.
You are immune to petrification.
Your large and strong wings let you fly.
You are agile. (Dex +4, Str/Int -1)
Your magical capacity is low. (-10% MP)


   Skills:
 - Level 10.0(15.0) Fighting
 + Level 13.2(18.2) Axes
 - Level 4.0(9.0) Throwing
 - Level 9.0(14.0) Armour
 - Level 4.1(9.1) Dodging
 - Level 6.0(11.0) Shields
 + Level 8.3 Invocations


You had 11 spell levels left.
You didn't know any spells.
Your spell library was empty.

Inventory:

Hand Weapons
 z - a +2 hand axe of flaming
 Y - a +2 war axe of venom (weapon)
Missiles
 a - 13 boomerangs (quivered)
Armour
 c - a +0 buckler (worn)
 h - a +1 helmet of intelligence (worn)
 m - a +1 scale mail of fire resistance
 o - a +2 cloak (worn)
 t - a +1 pair of gloves (worn)
 v - a +0 pair of boots (worn)
 w - a +3 chain mail (worn)
Jewellery
 f - a ring of protection from fire (left hand)
 i - a +6 ring of dexterity (right hand)
 k - a ring of positive energy
 s - a ring of fire
Wands
 r - a wand of digging (1)
Scrolls
 j - 7 scrolls of identify
 u - a scroll of teleportation
Potions
 b - a potion of mutation
 d - a potion of might
 e - a potion of ambrosia {unknown}
 g - 4 potions of attraction
 l - 3 potions of haste
 n - a potion of enlightenment
 q - 2 potions of curing

Dungeon Overview and Level Annotations

Branches:
Dungeon (10/15)            Temple (0/1) D:5            Lair (3/5) D:10
 Shoals (0/4) Lair:3        Snake (0/4) Lair:2
    Orc: D:9-12

Altars:
Elyvilon
Fedhas
Kikubaaqudgha
Makhleb
Nemelex Xobeh
Okawaru
Ru
Sif Muna
Trog
Wu Jian
The Shining One

Shops:
D:3 *[?   D:5 (?   D:9 (?   D:10 =

Annotations:
D:4 1 runed translucent door, Crazy Yiuf


Message History

Y - a +2 war axe of venom (weapon)
The four-headed hydra misses you.
The four-headed hydra bites you but does no damage. x2
You block the four-headed hydra's attack.
13531 ||| SWAPPING to +2 hand axe of flaming.
Your +2 war axe of venom stops dripping with poison.
Your +2 hand axe of flaming bursts into flame!
z - a +2 hand axe of flaming (weapon)
13532 ||| SWAPPING to +2 war axe of venom.
Your +2 hand axe of flaming stops flaming.
Your +2 war axe of venom begins to drip with poison!
Y - a +2 war axe of venom (weapon)
The four-headed hydra closely misses you. x2
The four-headed hydra bites you but does no damage. x2
13533 ||| SWAPPING to +2 hand axe of flaming.
Your +2 war axe of venom stops dripping with poison.
Your +2 hand axe of flaming bursts into flame!
z - a +2 hand axe of flaming (weapon)
13534 ||| SWAPPING to +2 war axe of venom.
Your +2 hand axe of flaming stops flaming.
Your +2 war axe of venom begins to drip with poison!
Y - a +2 war axe of venom (weapon)
The four-headed hydra bites you but does no damage.
You block the four-headed hydra's attack. x2
The four-headed hydra bites you but does no damage.
13535 ||| SWAPPING to +2 hand axe of flaming.
Your +2 war axe of venom stops dripping with poison.
Your +2 hand axe of flaming bursts into flame!
z - a +2 hand axe of flaming (weapon)
13536 ||| SWAPPING to +2 war axe of venom.
Your +2 hand axe of flaming stops flaming.
Your +2 war axe of venom begins to drip with poison!
Y - a +2 war axe of venom (weapon)
The four-headed hydra bites you. The four-headed hydra bites you! x2
The four-headed hydra closely misses you.
13537 ||| READING 2 scrolls of teleportation.
As you read the scroll of teleportation, it crumbles to dust.
You feel strangely unstable. The four-headed hydra misses you.
The four-headed hydra bites you.
You die...

........%..........#......# ##..
.....#..#.##.#.##..((....## #...
.....#....................####...
..##.P..#........................
...#....#..........P###.#.#......
...+.#..#..........## ####......
.....#.............# #......
...#....#.......D### #......
...#............@.#### ##......
...#....#........P##P#####.......
.....###.........................
%%...............................
%................................
##.#.P.##.########..#.#...##P.#..
########### ############P### ###


You could see a four-headed hydra.

Vanquished Creatures
  A catoblepas (Lair:3)
  2 two-headed ogres
  Pikel (D:6)
  2 black mambas
  10 cane toads
  A rime drake (Lair:3)
  6 komodo dragons
  3 trolls (D:9)
  6 blink frogs
  A hornet (D:7)
  Prince Ribbit (D:7)
  A snapping turtle (Lair:3)
  5 wyverns
  A shadow (D:10)
  29 yaks
  2 wraiths (D:10)
  A basilisk (D:10)
  4 nagas (Lair:2)
  An acid dragon (D:9)
  16 water moccasins
  2 sky beasts
  3 ice beasts
  3 black bears
  An ogre (D:4)
  8 wolves
  2 lemures (D:6)
  4 phantoms
  4 centaurs
  2 kobold brigands
  11 bullfrogs
  2 scorpions
  4 wights (D:7)
  4 killer bees (D:8)
  2 howler monkeys
  4 jellies
  3 hounds
  2 gnoll boudas
  4 orc priests
  7 iguanas
  A sleepcap (D:5)
  9 orc wizards
  11 gnolls
  9 adders
  13 river rats
  4 white imps
  A dart slug (D:3)
  2 worms
  25 orcs
  5 ball pythons
  8 bats
  6 endoplasms
  5 giant cockroaches
  16 hobgoblins
  7 jackals (D:2)
  11 quokkas
  2 frilled lizards (D:2)
  10 goblins
  10 kobolds
  24 rats
  A butterfly (Lair:3)
346 creatures vanquished.

Vanquished Creatures (others)
  A giant cockroach (D:2)
1 creature vanquished.

Grand Total: 347 creatures vanquished

Notes
Turn   | Place    | Note
-------+----------+-------------------------------------------
     0 | D:1      | qw the Gargoyle Fighter began the quest for the Orb.
     0 | D:1      | Reached XP level 1. HP: 14/14 MP: 1/1
     0 | D:1      | 0 ||| qw: Version: 0.3-a-2-g5ab2908
     0 | D:1      | 0 ||| qw: Game counter: 253
     0 | D:1      | 0 ||| qw: Always use a shield: true
     0 | D:1      | 0 ||| qw: God list: Okawaru
     0 | D:1      | 0 ||| qw: Allow faded altars: false
     0 | D:1      | 0 ||| qw: Do Orc after D:15 true
     0 | D:1      | 0 ||| qw: Do second Lair branch before Depths: true
     0 | D:1      | 0 ||| qw: Lair rune preference: random
     0 | D:1      | 0 ||| qw: Plans: Normal, Zot:1-4, Slime:5, God:TSO, Crypt,
                  | Tomb, Abyss, Pan, Hells, Win
     0 | D:1      | 0 ||| PLANNING D:1-11
    68 | D:1      | 68 ||| Stepping ~*~*~tactically~*~*~ (stealth).
    77 | D:1      | Reached skill level 2 in Axes
   161 | D:1      | Reached XP level 2. HP: 19/19 MP: 2/2
   184 | D:1      | 184 ||| Stepping ~*~*~tactically~*~*~ (stealth).
   356 | D:1      | Reached skill level 3 in Axes
   367 | D:1      | Reached XP level 3. HP: 16/23 MP: 3/3
   653 | D:1      | 653 ||| UPGRADING to ring of protection from fire.
   654 | D:1      | 654 ||| UPGRADING to ring of positive energy.
   655 | D:1      | 655 ||| READING scroll labelled ZUDEGU LIURONO.
   682 | D:2      | 682 ||| Stepping ~*~*~tactically~*~*~ (stealth).
   785 | D:2      | 785 ||| FLEEEEING.
   786 | D:2      | 786 ||| FLEEEEING.
   787 | D:2      | 787 ||| FLEEEEING.
   788 | D:2      | 788 ||| FLEEEEING.
   789 | D:2      | 789 ||| FLEEEEING.
   790 | D:2      | 790 ||| FLEEEEING.
   796 | D:2      | 796 ||| FLEEEEING.
   797 | D:2      | 797 ||| FLEEEEING.
   798 | D:2      | 798 ||| FLEEEEING.
   803 | D:2      | 803 ||| STAIRDANCE
   824 | D:1      | 824 ||| READING scroll labelled IVY DUMOJAERUU.
   829 | D:2      | 829 ||| Stepping ~*~*~tactically~*~*~ (hiding).
   939 | D:2      | Found a burning altar of Makhleb.
   956 | D:2      | Found a faded altar of an unknown god.
  1080 | D:2      | Reached skill level 1 in Throwing
  1080 | D:2      | Reached XP level 4. HP: 25/28 MP: 4/4
  1392 | D:2      | 1392 ||| READING scroll labelled PUWNUW OLUAXI.
  1393 | D:2      | 1393 ||| READING scroll labelled REMAP RACEI.
  1394 | D:2      | 1394 ||| READING scroll labelled FAFUJA URAC.
  1395 | D:2      | 1395 ||| READING scroll labelled BATYFY VOHO.
  1761 | D:3      | 1761 ||| Stepping ~*~*~tactically~*~*~ (stealth).
  1763 | D:3      | Found an iron altar of Okawaru.
  1764 | D:3      | 1764 ||| PLANNING OKAWARU WORSHIP
  1770 | D:3      | 1770 ||| FLEEEEING.
  1771 | D:3      | 1771 ||| FLEEEEING.
  1772 | D:3      | 1772 ||| FLEEEEING.
  1776 | D:3      | 1776 ||| STAIRDANCE
  1828 | D:3      | Became a worshipper of Warmaster Okawaru
  1829 | D:3      | 1829 ||| PLANNING D:1-11
  1867 | D:3      | 1867 ||| DROPPING +0 whip.
  1904 | D:3      | Found Jogguin's Magic Scroll Boutique.
  1924 | D:3      | 1924 ||| BUYING scroll of enchant armour (90 gold).
  1924 | D:3      | Bought a scroll of enchant armour for 90 gold pieces
  1924 | D:3      | 1924 ||| BUYING scroll of enchant armour (90 gold).
  1924 | D:3      | Bought a scroll of enchant armour for 90 gold pieces
  1924 | D:3      | 1924 ||| SHOPLISTING scroll of identify (24 gold, have 15).
  1924 | D:3      | 1924 ||| SHOPLISTING scroll of teleportation (36 gold, have
                  | 15).
  2146 | D:3      | Reached skill level 4 in Axes
  2175 | D:3      | Found Cegogref's General Store.
  2182 | D:3      | 2182 ||| SHOPLISTING +0 chain mail of poison resistance
                  | (110 gold, have 70).
  2182 | D:3      | 2182 ||| BUYING +0 cloak (58 gold).
  2182 | D:3      | Bought a +0 cloak for 58 gold pieces
  2182 | D:3      | 2182 ||| SHOPLISTING +0 flail (45 gold, have 12).
  2182 | D:3      | 2182 ||| SHOPLISTING +2 ring mail of cold resistance (273
                  | gold, have 12).
  2182 | D:3      | 2182 ||| SHOPLISTING potion of magic (104 gold, have 12).
  2216 | D:3      | You fall into a shaft and drop 2 floors!
  2216 | D:5      | Entered Level 5 of the Dungeon
  2226 | D:5      | Identified the +2 spear of the Walnut {freeze, rC+ SInv}
  2247 | D:5      | Reached XP level 5. HP: 28/32 MP: 5/5
  2289 | D:5      | Found Wighib's Antique Weapon Boutique.
  2296 | D:5      | 2296 ||| SHOPLISTING broad axe (100 gold, have 30).
  2296 | D:5      | 2296 ||| SHOPLISTING glowing war axe (162 gold, have 30).
  2296 | D:5      | 2296 ||| SHOPLISTING runed flail (162 gold, have 30).
  2302 | D:5      | 2302 ||| FLEEEEING.
  2303 | D:5      | 2303 ||| FLEEEEING.
  2304 | D:5      | 2304 ||| FLEEEEING.
  2305 | D:5      | 2305 ||| FLEEEEING.
  2306 | D:5      | 2306 ||| FLEEEEING.
  2307 | D:5      | 2307 ||| STAIRDANCE
  2347 | D:4      | Reached skill level 5 in Axes
  2347 | D:4      | Reached XP level 6. HP: 16/37 MP: 6/6
  2504 | D:4      | 2504 ||| UPGRADING to +0 cloak.
  2515 | D:4      | 2515 ||| READING 2 scrolls of enchant armour.
  2515 | D:4      | 2515 ||| ENCHANTING +0 cloak.
  2516 | D:4      | 2516 ||| READING scroll of enchant armour.
  2516 | D:4      | 2516 ||| ENCHANTING +1 cloak.
  2650 | D:4      | 2650 ||| FLEEEEING.
  2651 | D:4      | 2651 ||| FLEEEEING.
  2653 | D:4      | Noticed a sky beast
  2654 | D:4      | 2654 ||| FLEEEEING.
  2655 | D:4      | 2655 ||| FLEEEEING.
  2656 | D:4      | 2656 ||| FLEEEEING.
  2657 | D:4      | 2657 ||| STAIRDANCE
  2676 | D:3      | Found Gaqiecru's Antique Armour Boutique.
  2685 | D:3      | 2685 ||| SHOPLISTING chain mail (121 gold, have 54).
  2685 | D:3      | 2685 ||| SHOPLISTING glimmering plate armour (756 gold,
                  | have 54).
  2685 | D:3      | 2685 ||| SHOPLISTING kite shield (121 gold, have 54).
  2685 | D:3      | 2685 ||| SHOPLISTING runed scale mail (189 gold, have 54).
  2689 | D:3      | 2689 ||| Stepping ~*~*~tactically~*~*~ (stealth).
  2798 | D:3      | 2798 ||| UPGRADING to +0 chain mail.
  2808 | D:3      | 2808 ||| DROPPING +0 scale mail.
  2957 | D:3      | 2957 ||| READING scroll labelled ALUMIG HOFIQIA.
  3002 | D:4      | 3002 ||| Stepping ~*~*~tactically~*~*~ (stealth).
  3021 | D:4      | 3021 ||| Stepping ~*~*~tactically~*~*~ (stealth).
  3023 | D:4      | 3023 ||| Stepping ~*~*~tactically~*~*~ (stealth).
  3240 | D:4      | Killed a sky beast
  3241 | D:4      | Reached skill level 6 in Axes
  3241 | D:4      | Reached XP level 7. HP: 40/43 MP: 7/7
  3309 | D:4      | Reached * piety under Okawaru
  3310 | D:4      | Reached skill level 1 in Dodging
  3481 | D:4      | 3481 ||| DROPPING +0 mace.
  3486 | D:4      | Found a runed translucent door.
  3487 | D:4      | Noticed Crazy Yiuf
  3556 | D:4      | 3556 ||| READING 2 scrolls labelled DULLUR FIPRUUZ.
  3557 | D:4      | 3557 ||| DRINKING 3 lumpy black potions.
  3558 | D:4      | 3558 ||| READING 2 scrolls of identify.
  3558 | D:4      | 3558 ||| IDENTIFYING inky potion
  3559 | D:4      | 3559 ||| DROPPING scroll of amnesia.
  3615 | D:5      | 3615 ||| INVOKING Heroism.
  3616 | D:5      | 3616 ||| INVOKING Heroism.
  3622 | D:5      | HP: 3/43 [orc priest/divine providence (14)]
  3623 | D:5      | 3623 ||| DRINKING 2 potions of heal wounds.
  3627 | D:5      | 3627 ||| INVOKING Heroism.
  3628 | D:5      | 3628 ||| INVOKING Heroism.
  3638 | D:5      | 3638 ||| INVOKING Heroism.
  3639 | D:5      | 3639 ||| INVOKING Heroism.
  3648 | D:5      | Reached skill level 7 in Axes
  3741 | D:5      | 3741 ||| DROPPING +1 heavy mace.
  3852 | D:5      | 3852 ||| INVOKING Heroism.
  3859 | D:5      | Reached XP level 8. HP: 19/50 MP: 5/8
  4109 | D:5      | 4109 ||| INVOKING Heroism.
  4168 | D:5      | 4168 ||| Stepping ~*~*~tactically~*~*~ (hiding).
  4169 | D:5      | 4169 ||| Stepping ~*~*~tactically~*~*~ (hiding).
  4234 | D:5      | 4234 ||| INVOKING Heroism.
  4245 | D:5      | Reached skill level 8 in Axes
  4250 | D:5      | 4250 ||| INVOKING Heroism.
  4330 | D:5      | Found a staircase to the Ecumenical Temple.
  4364 | D:5      | 4364 ||| Stepping ~*~*~tactically~*~*~ (stealth).
  4492 | D:5      | Found Gonoumny's Magic Scroll Boutique.
  4495 | D:5      | 4495 ||| BUYING scroll of identify (24 gold).
  4495 | D:5      | Bought a scroll of identify for 24 gold pieces
  4495 | D:5      | 4495 ||| BUYING scroll of teleportation (36 gold).
  4495 | D:5      | Bought a scroll of teleportation for 36 gold pieces
  4611 | D:5      | 4611 ||| READING scroll labelled ETAHAMN FALER.
  4612 | D:5      | 4612 ||| READING scroll labelled HITREO WUJEHI.
  4613 | D:5      | 4613 ||| DRINKING 2 red potions.
  4614 | D:5      | 4614 ||| READING 4 scrolls of identify.
  4614 | D:5      | 4614 ||| IDENTIFYING dark potion
  4615 | D:5      | 4615 ||| READING 3 scrolls of identify.
  4615 | D:5      | 4615 ||| IDENTIFYING grey potion
  4616 | D:5      | 4616 ||| READING 2 scrolls of identify.
  4616 | D:5      | 4616 ||| IDENTIFYING white potion
  4617 | D:5      | 4617 ||| DROPPING potion of brilliance.
  4653 | D:6      | 4653 ||| PLANNING SEWER
  4733 | D:6      | Reached skill level 6 in Fighting
  4833 | D:6      | Reached skill level 1 in Invocations
  4917 | D:6      | 4917 ||| Stepping ~*~*~tactically~*~*~ (hiding).
  5119 | D:6      | 5119 ||| Stepping ~*~*~tactically~*~*~ (stealth).
  5155 | D:6      | 5155 ||| Stepping ~*~*~tactically~*~*~ (stealth).
  5156 | D:6      | 5156 ||| Stepping ~*~*~tactically~*~*~ (stealth).
  5171 | D:6      | 5171 ||| Stepping ~*~*~tactically~*~*~ (stealth).
  5195 | D:6      | 5195 ||| INVOKING Heroism.
  5198 | D:6      | Reached skill level 3 in Invocations
  5253 | D:6      | 5253 ||| Stepping ~*~*~tactically~*~*~ (stealth).
  5316 | D:6      | 5316 ||| Stepping ~*~*~tactically~*~*~ (hiding).
  5335 | D:6      | Reached XP level 9. HP: 54/55 MP: 11/11
  5338 | D:6      | 5338 ||| RIP SEWER
  5339 | D:6      | 5339 ||| PLANNING D:1-11
  5426 | D:6      | 5426 ||| Stepping ~*~*~tactically~*~*~ (hiding).
  5497 | D:6      | Noticed Pikel
  5498 | D:6      | 5498 ||| INVOKING Heroism.
  5516 | D:6      | Killed Pikel
  5516 | D:6      | Reached ** piety under Okawaru
  5699 | D:6      | Reached skill level 9 in Axes
  5753 | D:6      | Found an ancient bone altar of Kikubaaqudgha.
  5753 | D:6      | Found an ornate altar of the Wu Jian Council.
  5753 | D:6      | Found a sparkling altar of Nemelex Xobeh.
  5758 | D:6      | 5758 ||| Stepping ~*~*~tactically~*~*~ (hiding).
  5762 | D:6      | 5762 ||| INVOKING Heroism.
  5911 | D:6      | 5911 ||| Stepping ~*~*~tactically~*~*~ (water).
  6094 | D:6      | 6094 ||| UPGRADING to +0 pair of gloves.
  6099 | D:6      | 6099 ||| READING scroll of enchant armour.
  6099 | D:6      | 6099 ||| ENCHANTING +0 pair of gloves.
  6100 | D:6      | 6100 ||| UPGRADING to +6 ring of dexterity.
  6153 | D:7      | Found a shimmering blue altar of Sif Muna.
  6154 | D:7      | Found a blossoming altar of Fedhas.
  6181 | D:7      | 6181 ||| Stepping ~*~*~tactically~*~*~ (hiding).
  6189 | D:7      | 6189 ||| INVOKING Heroism.
  6252 | D:7      | 6252 ||| Stepping ~*~*~tactically~*~*~ (stealth).
  6254 | D:7      | 6254 ||| Stepping ~*~*~tactically~*~*~ (hiding).
  6266 | D:7      | 6266 ||| INVOKING Heroism.
  6293 | D:7      | Noticed a two-headed ogre
  6294 | D:7      | 6294 ||| Stepping ~*~*~tactically~*~*~ (stealth).
  6295 | D:7      | 6295 ||| Stepping ~*~*~tactically~*~*~ (stealth).
  6298 | D:7      | Noticed a hornet
  6299 | D:7      | 6299 ||| INVOKING Heroism.
  6299 | D:7      | Noticed Prince Ribbit
  6302 | D:7      | HP: 12/57 [hornet (8)]
  6303 | D:7      | 6303 ||| READING 2 scrolls of teleportation.
  6304 | D:7      | 6304 ||| DRINKING potion of heal wounds.
  6357 | D:7      | 6357 ||| INVOKING Heroism.
  6360 | D:7      | Killed a hornet
  6368 | D:7      | Killed a two-headed ogre
  6369 | D:7      | Reached skill level 10 in Axes
  6369 | D:7      | Reached XP level 10. HP: 33/63 MP: 11/13
  6488 | D:7      | 6488 ||| DROPPING +0 flail.
  6489 | D:7      | 6489 ||| DROPPING +0 hammer of holy wrath.
  6642 | D:7      | Found a sacrificial altar of Ru.
  6653 | D:7      | 6653 ||| INVOKING Heroism.
  6852 | D:7      | Killed Prince Ribbit
  6974 | D:7      | 6974 ||| DROPPING orb of guile.
  6975 | D:7      | 6975 ||| UPGRADING to +3 chain mail.
  6985 | D:7      | 6985 ||| DROPPING +0 chain mail.
  6986 | D:7      | 6986 ||| READING scroll labelled ZAL YCZIEDOWK.
  6987 | D:7      | 6987 ||| DRINKING 2 glowing inky potions.
  6987 | D:7      | Gained mutation: Your large and strong wings let you fly.
                  | [potion of mutation]
  6987 | D:7      | Gained mutation: Your magical capacity is low. (-10% MP)
                  | [potion of mutation]
  6987 | D:7      | Gained mutation: You are agile. (Dex +4, Str/Int -1)
                  | [potion of mutation]
  7023 | D:8      | 7023 ||| Stepping ~*~*~tactically~*~*~ (stealth).
  7156 | D:8      | Reached skill level 3 in Dodging
  7302 | D:8      | 7302 ||| Stepping ~*~*~tactically~*~*~ (stealth).
  7377 | D:8      | 7377 ||| Stepping ~*~*~tactically~*~*~ (stealth).
  7379 | D:8      | 7379 ||| Stepping ~*~*~tactically~*~*~ (hiding).
  7383 | D:8      | Noticed a two-headed ogre
  7384 | D:8      | 7384 ||| INVOKING Heroism.
  7395 | D:8      | Killed a two-headed ogre
  7395 | D:8      | Reached *** piety under Okawaru
  7420 | D:8      | 7420 ||| Stepping ~*~*~tactically~*~*~ (stealth).
  7428 | D:8      | 7428 ||| Stepping ~*~*~tactically~*~*~ (stealth).
  7531 | D:8      | Found a flagged portal.
  7539 | D:8      | 7539 ||| INVOKING Heroism.
  7605 | D:8      | 7605 ||| FLEEEEING.
  7607 | D:8      | 7607 ||| FLEEEEING.
  7608 | D:8      | 7608 ||| FLEEEEING.
  7609 | D:8      | 7609 ||| FLEEEEING.
  7610 | D:8      | 7610 ||| FLEEEEING.
  7611 | D:8      | 7611 ||| FLEEEEING.
  7612 | D:8      | 7612 ||| FLEEEEING.
  7614 | D:8      | 7614 ||| FLEEEEING.
  7615 | D:8      | 7615 ||| FLEEEEING.
  7654 | D:8      | 7654 ||| READING scroll of brand weapon.
  7654 | D:8      | 7654 ||| BRANDING +1 war axe of protection.
  7697 | D:8      | Found a white marble altar of Elyvilon.
  8059 | D:8      | Found a glowing golden altar of the Shining One.
  8064 | D:8      | 8064 ||| DRINKING 2 black potions.
  8065 | D:8      | 8065 ||| DROPPING potion of degeneration.
  8110 | D:9      | Found Wemecim's Antique Weapon Emporium.
  8167 | D:9      | Identified the +9 short sword of Pirrug {heavy, rC+ Str-3
                  | Int+4}
  8186 | D:9      | 8186 ||| INVOKING Heroism.
  8193 | D:9      | 8193 ||| Stepping ~*~*~tactically~*~*~ (stealth).
  8194 | D:9      | 8194 ||| Stepping ~*~*~tactically~*~*~ (stealth).
  8251 | D:9      | 8251 ||| Stepping ~*~*~tactically~*~*~ (hiding).
  8277 | D:9      | Reached skill level 6 in Armour
  8286 | D:9      | 8286 ||| Stepping ~*~*~tactically~*~*~ (hiding).
  8287 | D:9      | 8287 ||| Stepping ~*~*~tactically~*~*~ (hiding).
  8288 | D:9      | 8288 ||| Stepping ~*~*~tactically~*~*~ (hiding).
  8291 | D:9      | 8291 ||| INVOKING Heroism.
  8456 | D:9      | 8456 ||| Stepping ~*~*~tactically~*~*~ (hiding).
  8459 | D:9      | 8459 ||| INVOKING Heroism.
  8482 | D:9      | 8482 ||| UPGRADING to +1 helmet of intelligence.
  8487 | D:9      | 8487 ||| INVOKING Heroism.
  8537 | D:9      | 8537 ||| UPGRADING to +0 pair of boots.
  8586 | D:9      | Found Yperphoz's Magic Scroll Boutique.
  8596 | D:9      | 8596 ||| BUYING 2 scrolls of identify (44 gold).
  8596 | D:9      | Bought 2 scrolls of identify for 44 gold pieces
  8596 | D:9      | 8596 ||| BUYING scroll of identify (22 gold).
  8596 | D:9      | Bought a scroll of identify for 22 gold pieces
  8596 | D:9      | 8596 ||| BUYING scroll of teleportation (33 gold).
  8596 | D:9      | Bought a scroll of teleportation for 33 gold pieces
  8744 | D:9      | 8744 ||| INVOKING Heroism.
  8755 | D:9      | Reached XP level 11. HP: 62/69 MP: 11/13
  9108 | D:10     | Entered Level 10 of the Dungeon
  9143 | D:10     | Found a bloodstained altar of Trog.
  9225 | D:10     | 9225 ||| INVOKING Heroism.
  9233 | D:10     | Reached skill level 3 in Throwing
  9263 | D:10     | Reached skill level 11 in Axes
  9263 | D:10     | 9263 ||| INVOKING Heroism.
  9287 | D:10     | Reached skill level 9 in Fighting
  9399 | D:10     | 9399 ||| Stepping ~*~*~tactically~*~*~ (stealth).
  9419 | D:10     | Found a staircase to the Lair.
  9593 | D:10     | Found a burning altar of Makhleb.
  9692 | D:10     | Found Zynil's Jewellery Shop.
  9695 | D:10     | 9695 ||| SHOPLISTING +4 ring of protection (504 gold, have
                  | 318).
  9695 | D:10     | 9695 ||| SHOPLISTING +6 ring of strength (504 gold, have
                  | 318).
  9695 | D:10     | 9695 ||| SHOPLISTING amulet of guardian spirit (420 gold,
                  | have 318).
  9695 | D:10     | 9695 ||| SHOPLISTING amulet of reflection (420 gold, have
                  | 318).
  9782 | D:10     | 9782 ||| Stepping ~*~*~tactically~*~*~ (stealth).
  9784 | D:10     | 9784 ||| Stepping ~*~*~tactically~*~*~ (stealth).
  9799 | D:10     | 9799 ||| INVOKING Heroism.
 10078 | D:10     | 10078 ||| PLANNING LAIR
 10078 | D:10     | 10078 ||| READING 6 scrolls of identify.
 10078 | D:10     | 10078 ||| IDENTIFYING ruby potion
 10079 | D:10     | 10079 ||| DROPPING potion of berserk rage.
 10131 | Lair:1   | Entered Level 1 of the Lair of Beasts
 10175 | Lair:1   | 10175 ||| Stepping ~*~*~tactically~*~*~ (stealth).
 10178 | Lair:1   | 10178 ||| INVOKING Heroism.
 10205 | Lair:1   | Reached skill level 12 in Axes
 10226 | Lair:1   | 10226 ||| INVOKING Heroism.
 10264 | Lair:1   | 10264 ||| Stepping ~*~*~tactically~*~*~ (stealth).
 10266 | Lair:1   | 10266 ||| INVOKING Heroism.
 10316 | Lair:1   | 10316 ||| INVOKING Heroism.
 10318 | Lair:1   | 10318 ||| Stepping ~*~*~tactically~*~*~ (stealth).
 10331 | Lair:1   | Reached skill level 6 in Shields
 10425 | Lair:1   | 10425 ||| INVOKING Heroism.
 10633 | Lair:1   | 10633 ||| INVOKING Heroism.
 10862 | Lair:1   | 10862 ||| READING 2 scrolls labelled ONGEFA VEENG.
 10863 | Lair:1   | 10863 ||| READING scroll labelled IHUSEA RIZUA.
 10864 | Lair:1   | 10864 ||| DROPPING scroll of fog.
 10894 | Lair:2   | 10894 ||| READING scroll of enchant weapon.
 10894 | Lair:2   | 10894 ||| ENCHANTING +1 war axe of venom.
 10922 | Lair:2   | 10922 ||| INVOKING Heroism.
 10929 | Lair:2   | Reached XP level 12. HP: 76/76 MP: 11/14
 10931 | Lair:2   | 10931 ||| Stepping ~*~*~tactically~*~*~ (stealth).
 11030 | Lair:2   | 11030 ||| INVOKING Heroism.
 11047 | Lair:2   | 11047 ||| Stepping ~*~*~tactically~*~*~ (stealth).
 11050 | Lair:2   | 11050 ||| Stepping ~*~*~tactically~*~*~ (stealth).
 11061 | Lair:2   | 11061 ||| INVOKING Heroism.
 11091 | Lair:2   | 11091 ||| Stepping ~*~*~tactically~*~*~ (stealth).
 11129 | Lair:2   | 11129 ||| Stepping ~*~*~tactically~*~*~ (stealth).
 11208 | Lair:2   | Reached **** piety under Okawaru
 11313 | Lair:2   | 11313 ||| Stepping ~*~*~tactically~*~*~ (stealth).
 11396 | Lair:2   | 11396 ||| Stepping ~*~*~tactically~*~*~ (stealth).
 11443 | Lair:2   | Received a gift from Okawaru
 11453 | Lair:2   | 11453 ||| INVOKING Heroism.
 11459 | Lair:2   | HP: 19/77 [constriction (3)]
 11460 | Lair:2   | 11460 ||| READING 4 scrolls of teleportation.
 11461 | Lair:2   | 11461 ||| DRINKING 2 potions of heal wounds.
 11654 | Lair:2   | 11654 ||| INVOKING Heroism.
 11751 | Lair:2   | 11751 ||| DROPPING +0 morningstar.
 11752 | Lair:2   | Found a staircase to the Snake Pit.
 12173 | Lair:2   | 12173 ||| INVOKING Heroism.
 12492 | Lair:3   | Reached skill level 6 in Invocations
 12494 | Lair:3   | Reached skill level 13 in Axes
 12505 | Lair:3   | 12505 ||| INVOKING Heroism.
 12636 | Lair:3   | Found a staircase to the Shoals.
 12637 | Lair:3   | 12637 ||| Stepping ~*~*~tactically~*~*~ (hiding).
 12654 | Lair:3   | 12654 ||| INVOKING Heroism.
 12828 | Lair:3   | Reached skill level 9 in Armour
 12920 | Lair:3   | Noticed a catoblepas
 12921 | Lair:3   | 12921 ||| Stepping ~*~*~tactically~*~*~ (stealth).
 12922 | Lair:3   | 12922 ||| Stepping ~*~*~tactically~*~*~ (stealth).
 12924 | Lair:3   | 12924 ||| Stepping ~*~*~tactically~*~*~ (hiding).
 12929 | Lair:3   | 12929 ||| INVOKING Heroism.
 12939 | Lair:3   | Killed a catoblepas
 12939 | Lair:3   | Received a gift from Okawaru
 13087 | Lair:3   | 13087 ||| Stepping ~*~*~tactically~*~*~ (stealth).
 13102 | Lair:3   | 13102 ||| INVOKING Heroism.
 13132 | Lair:3   | 13132 ||| Stepping ~*~*~tactically~*~*~ (stealth).
 13133 | Lair:3   | 13133 ||| Stepping ~*~*~tactically~*~*~ (stealth).
 13134 | Lair:3   | 13134 ||| Stepping ~*~*~tactically~*~*~ (stealth).
 13145 | Lair:3   | Received a gift from Okawaru
 13146 | Lair:3   | 13146 ||| INVOKING Heroism.
 13199 | Lair:3   | Noticed a four-headed hydra
 13200 | Lair:3   | 13200 ||| INVOKING Heroism.
 13204 | Lair:3   | 13204 ||| SWAPPING to +2 hand axe of flaming.
 13205 | Lair:3   | 13205 ||| SWAPPING to +2 war axe of venom.
 13206 | Lair:3   | 13206 ||| SWAPPING to +2 hand axe of flaming.
 13207 | Lair:3   | 13207 ||| SWAPPING to +2 war axe of venom.
 13208 | Lair:3   | 13208 ||| SWAPPING to +2 hand axe of flaming.
 13209 | Lair:3   | 13209 ||| SWAPPING to +2 war axe of venom.
 13210 | Lair:3   | 13210 ||| SWAPPING to +2 hand axe of flaming.
 13211 | Lair:3   | 13211 ||| SWAPPING to +2 war axe of venom.
 13212 | Lair:3   | 13212 ||| SWAPPING to +2 hand axe of flaming.
 13213 | Lair:3   | 13213 ||| SWAPPING to +2 war axe of venom.
 13214 | Lair:3   | 13214 ||| SWAPPING to +2 hand axe of flaming.
 13215 | Lair:3   | 13215 ||| SWAPPING to +2 war axe of venom.
 13216 | Lair:3   | 13216 ||| SWAPPING to +2 hand axe of flaming.
 13217 | Lair:3   | 13217 ||| SWAPPING to +2 war axe of venom.
 13218 | Lair:3   | 13218 ||| SWAPPING to +2 hand axe of flaming.
 13219 | Lair:3   | 13219 ||| SWAPPING to +2 war axe of venom.
 13220 | Lair:3   | 13220 ||| SWAPPING to +2 hand axe of flaming.
 13221 | Lair:3   | 13221 ||| SWAPPING to +2 war axe of venom.
 13222 | Lair:3   | 13222 ||| SWAPPING to +2 hand axe of flaming.
 13223 | Lair:3   | 13223 ||| SWAPPING to +2 war axe of venom.
 13224 | Lair:3   | 13224 ||| SWAPPING to +2 hand axe of flaming.
 13225 | Lair:3   | 13225 ||| SWAPPING to +2 war axe of venom.
 13226 | Lair:3   | 13226 ||| SWAPPING to +2 hand axe of flaming.
 13227 | Lair:3   | 13227 ||| SWAPPING to +2 war axe of venom.
 13228 | Lair:3   | 13228 ||| SWAPPING to +2 hand axe of flaming.
 13229 | Lair:3   | 13229 ||| SWAPPING to +2 war axe of venom.
 13230 | Lair:3   | 13230 ||| SWAPPING to +2 hand axe of flaming.
 13231 | Lair:3   | 13231 ||| SWAPPING to +2 war axe of venom.
 13232 | Lair:3   | 13232 ||| SWAPPING to +2 hand axe of flaming.
 13233 | Lair:3   | 13233 ||| SWAPPING to +2 war axe of venom.
 13234 | Lair:3   | 13234 ||| SWAPPING to +2 hand axe of flaming.
 13235 | Lair:3   | 13235 ||| SWAPPING to +2 war axe of venom.
 13236 | Lair:3   | 13236 ||| SWAPPING to +2 hand axe of flaming.
 13237 | Lair:3   | 13237 ||| SWAPPING to +2 war axe of venom.
 13238 | Lair:3   | 13238 ||| SWAPPING to +2 hand axe of flaming.
 13239 | Lair:3   | 13239 ||| SWAPPING to +2 war axe of venom.
 13240 | Lair:3   | 13240 ||| SWAPPING to +2 hand axe of flaming.
 13241 | Lair:3   | 13241 ||| SWAPPING to +2 war axe of venom.
 13242 | Lair:3   | 13242 ||| SWAPPING to +2 hand axe of flaming.
 13243 | Lair:3   | 13243 ||| SWAPPING to +2 war axe of venom.
 13244 | Lair:3   | 13244 ||| SWAPPING to +2 hand axe of flaming.
 13245 | Lair:3   | 13245 ||| SWAPPING to +2 war axe of venom.
 13246 | Lair:3   | 13246 ||| SWAPPING to +2 hand axe of flaming.
 13247 | Lair:3   | 13247 ||| SWAPPING to +2 war axe of venom.
 13248 | Lair:3   | 13248 ||| SWAPPING to +2 hand axe of flaming.
 13249 | Lair:3   | 13249 ||| SWAPPING to +2 war axe of venom.
 13250 | Lair:3   | 13250 ||| SWAPPING to +2 hand axe of flaming.
 13251 | Lair:3   | 13251 ||| SWAPPING to +2 war axe of venom.
 13252 | Lair:3   | 13252 ||| SWAPPING to +2 hand axe of flaming.
 13253 | Lair:3   | 13253 ||| SWAPPING to +2 war axe of venom.
 13254 | Lair:3   | 13254 ||| SWAPPING to +2 hand axe of flaming.
 13255 | Lair:3   | 13255 ||| SWAPPING to +2 war axe of venom.
 13256 | Lair:3   | 13256 ||| SWAPPING to +2 hand axe of flaming.
 13256 | Lair:3   | HP: 18/77 [four-headed hydra (4)]
 13257 | Lair:3   | 13257 ||| READING 3 scrolls of teleportation.
 13258 | Lair:3   | 13258 ||| DRINKING potion of heal wounds.
 13259 | Lair:3   | 13259 ||| SWAPPING to +2 war axe of venom.
 13260 | Lair:3   | 13260 ||| SWAPPING to +2 hand axe of flaming.
 13261 | Lair:3   | 13261 ||| SWAPPING to +2 war axe of venom.
 13262 | Lair:3   | 13262 ||| SWAPPING to +2 hand axe of flaming.
 13263 | Lair:3   | 13263 ||| SWAPPING to +2 war axe of venom.
 13485 | Lair:3   | 13485 ||| INVOKING Heroism.
 13489 | Lair:3   | 13489 ||| SWAPPING to +2 hand axe of flaming.
 13490 | Lair:3   | 13490 ||| SWAPPING to +2 war axe of venom.
 13491 | Lair:3   | 13491 ||| SWAPPING to +2 hand axe of flaming.
 13492 | Lair:3   | 13492 ||| SWAPPING to +2 war axe of venom.
 13493 | Lair:3   | 13493 ||| SWAPPING to +2 hand axe of flaming.
 13494 | Lair:3   | 13494 ||| SWAPPING to +2 war axe of venom.
 13495 | Lair:3   | 13495 ||| SWAPPING to +2 hand axe of flaming.
 13496 | Lair:3   | 13496 ||| SWAPPING to +2 war axe of venom.
 13497 | Lair:3   | 13497 ||| SWAPPING to +2 hand axe of flaming.
 13498 | Lair:3   | 13498 ||| SWAPPING to +2 war axe of venom.
 13499 | Lair:3   | 13499 ||| SWAPPING to +2 hand axe of flaming.
 13500 | Lair:3   | 13500 ||| SWAPPING to +2 war axe of venom.
 13501 | Lair:3   | 13501 ||| SWAPPING to +2 hand axe of flaming.
 13502 | Lair:3   | 13502 ||| SWAPPING to +2 war axe of venom.
 13503 | Lair:3   | 13503 ||| SWAPPING to +2 hand axe of flaming.
 13504 | Lair:3   | 13504 ||| SWAPPING to +2 war axe of venom.
 13505 | Lair:3   | 13505 ||| SWAPPING to +2 hand axe of flaming.
 13506 | Lair:3   | 13506 ||| SWAPPING to +2 war axe of venom.
 13507 | Lair:3   | 13507 ||| SWAPPING to +2 hand axe of flaming.
 13508 | Lair:3   | 13508 ||| SWAPPING to +2 war axe of venom.
 13509 | Lair:3   | 13509 ||| SWAPPING to +2 hand axe of flaming.
 13510 | Lair:3   | 13510 ||| SWAPPING to +2 war axe of venom.
 13511 | Lair:3   | 13511 ||| SWAPPING to +2 hand axe of flaming.
 13512 | Lair:3   | 13512 ||| SWAPPING to +2 war axe of venom.
 13513 | Lair:3   | 13513 ||| SWAPPING to +2 hand axe of flaming.
 13514 | Lair:3   | 13514 ||| SWAPPING to +2 war axe of venom.
 13515 | Lair:3   | 13515 ||| SWAPPING to +2 hand axe of flaming.
 13516 | Lair:3   | 13516 ||| SWAPPING to +2 war axe of venom.
 13517 | Lair:3   | 13517 ||| SWAPPING to +2 hand axe of flaming.
 13518 | Lair:3   | 13518 ||| SWAPPING to +2 war axe of venom.
 13519 | Lair:3   | 13519 ||| SWAPPING to +2 hand axe of flaming.
 13520 | Lair:3   | 13520 ||| SWAPPING to +2 war axe of venom.
 13521 | Lair:3   | 13521 ||| SWAPPING to +2 hand axe of flaming.
 13522 | Lair:3   | 13522 ||| SWAPPING to +2 war axe of venom.
 13523 | Lair:3   | 13523 ||| SWAPPING to +2 hand axe of flaming.
 13524 | Lair:3   | 13524 ||| SWAPPING to +2 war axe of venom.
 13525 | Lair:3   | 13525 ||| SWAPPING to +2 hand axe of flaming.
 13526 | Lair:3   | 13526 ||| SWAPPING to +2 war axe of venom.
 13527 | Lair:3   | 13527 ||| SWAPPING to +2 hand axe of flaming.
 13528 | Lair:3   | 13528 ||| SWAPPING to +2 war axe of venom.
 13529 | Lair:3   | 13529 ||| SWAPPING to +2 hand axe of flaming.
 13530 | Lair:3   | 13530 ||| SWAPPING to +2 war axe of venom.
 13531 | Lair:3   | 13531 ||| SWAPPING to +2 hand axe of flaming.
 13532 | Lair:3   | 13532 ||| SWAPPING to +2 war axe of venom.
 13533 | Lair:3   | 13533 ||| SWAPPING to +2 hand axe of flaming.
 13534 | Lair:3   | 13534 ||| SWAPPING to +2 war axe of venom.
 13535 | Lair:3   | 13535 ||| SWAPPING to +2 hand axe of flaming.
 13536 | Lair:3   | 13536 ||| SWAPPING to +2 war axe of venom.
 13536 | Lair:3   | HP: 10/77 [four-headed hydra (10)]
 13536 | Lair:3   | HP: 1/77 [four-headed hydra (9)]
 13537 | Lair:3   | 13537 ||| READING 2 scrolls of teleportation.
 13537 | Lair:3   | Slain by a four-headed hydra

Levels and vault maps discovered:
D:1:      minmay_arrival_split_and_join, layout_basic, minmay_fountain_box
D:2:      minmay_inner_zag, layout_rooms,
          dreamdust_ecumenical_altar_hidden_monk_grotto, basic_altar,
          chequers_serial_rivers_micro_c
D:3:      layout_loops_ring, kennysheep_okawaru_gauntlet, serial_shops,
          nicolae_shop_rolling_square, shop, shop_coins
D:4:      layout_basic, serial_aquarium, aquarium_bridge_square
          [aquarium_subvault_bridge, aquarium_subvault_window,
          aquarium_subvault_balcony, aquarium_subvault_bridge],
          aquarium_window_fake, aquarium_window_fake, aquarium_window_fake,
          aquarium_window_corner, aquarium_view_2c, aquarium_view_2e,
          aquarium_balcony_3b, st_stairs_2, kennysheep_generic_room_13,
          uniq_crazy_yiuf_cottage
D:5:      layout_basic, minmay_temple_entry_wispy, serial_shops,
          nicolae_shop_rolled_up, shop, solitary_fountain, fountainhead,
          grunt_ministairs_3, chequers_big_river
D:6:      lemuel_ratsnest, layout_loops_corners, gammafunk_temple_overflow_claw,
          gup_sewer_entry_pipe, uniq_pikel
D:7:      layout_cave_pools, mainiacjoe_overflow_tiny_flanked,
          chequers_temple_overflow_statue_of_worship, uniq_prince_ribbit1
D:8:      nicolae_cairo_tiling_very_big, layout_basic,
          mainiacjoe_overflow_catwalk, mainiacjoe_overflow_boulevard,
          enter_bailey_4, chequers_serial_rivers_large_a
D:9:      layout_basic, serial_shops, nicolae_shop_hallway_stairs, shop,
          serial_glass, glass_columns_a, glass_columns_b, minmay_statues_item
D:10:     layout_roguey, bloody_makhleb, lightli_temple_of_fire,
          minmay_lair_entry_grove, serial_shops,
          nicolae_shop_tiny_real_fake_doors, lemuel_flamethrower_1
Lair:1:   layout_regular_city, grunt_megastairs_4
Lair:2:   layout_cave_pods, minmay_snake_entry_guardpost_small, enter_volcano_4,
          minmay_stone_trees_small, pond, lemuel_fruit_tree,
          serial_bayou_shore_b
Lair:3:   layout_chaotic_city, minmay_shoals_entry_hut,
          ebering_ghost_rock_garden, minivault_24, st_stairs_9,
          grunt_megastairs_5, lemuel_fruit_fields

Skill      XL: |  1  2  3  4  5  6  7  8  9 10 11 12 |
---------------+-------------------------------------+-----
Axes           | 2 3 4 5 6 7 8 10 12 13 | 13.2
Throwing       | 1 3 4 |  4.0
Fighting       | 4 5 6 7 8 9 10 | 10.0
Dodging        | 1 2 3 4 |  4.1
Invocations    | 3 5 8 |  8.3
Armour         | 4 5 6 8 9 |  9.0
Shields        | 4 5 6 |  6.0

Action                     |  1- 3 |  4- 6 |  7- 9 | 10-12 || total
---------------------------+-------+-------+-------+-------++-------
  Melee: War axe           |   105 |   150 |   363 |   569 ||  1187
  Throw: Javelin           |    12 |    12 |       |    60 ||    84
         Boomerang         |       |    49 |    68 |   104 ||   221
 Invoke: Heroism           |       |       |    14 |    30 ||    44
    Use: Scroll            |     2 |     7 |     9 |     9 ||    27
         Potion            |       |       |     4 |     4 ||     8
 Armour: Scale mail        |    64 |    70 |       |       ||   134
         Chain mail        |       |    17 |   187 |   316 ||   520
  Dodge: Dodged            |    56 |    57 |   137 |   287 ||   537
  Block: Buckler           |    19 |    30 |    68 |   163 ||   280

Table legend:
 A = Non-vault XP
 B = Vault XP
 C = Vault XP percentage of total XP
 D = Non-vault monster count
 E = Vault monster count
 F = Vault count percentage of total count
                 A         B        C        D         E       F
            +---------+---------+-------+---------+---------+-------
      Total |   23804 |    8083 |  25.3 |     252 |      92 |  26.7
            +---------+---------+-------+---------+---------+-------
        D:1 |      37 |       0 |   0.0 |      23 |       0 |   0.0
        D:2 |      37 |      29 |  43.9 |      22 |       4 |  15.4
        D:3 |      57 |       4 |   6.6 |      17 |       2 |  10.5
        D:4 |     414 |      45 |   9.8 |      14 |       3 |  17.6
        D:5 |    1099 |      47 |   4.1 |      28 |       2 |   6.7
        D:6 |     652 |    1095 |  62.7 |      19 |      38 |  66.7
        D:7 |    2237 |     268 |  10.7 |      21 |       1 |   4.5
        D:8 |    1784 |      11 |   0.6 |      20 |       5 |  20.0
        D:9 |    1431 |       0 |   0.0 |      15 |       0 |   0.0
       D:10 |    2394 |    2243 |  48.4 |      16 |      13 |  44.8
     Lair:1 |    3180 |     967 |  23.3 |      12 |       6 |  33.3
     Lair:2 |    3841 |    1765 |  31.5 |      16 |      13 |  44.8
     Lair:3 |    6641 |    1609 |  19.5 |      29 |       5 |  14.7
            +---------+---------+-------+---------+---------+-------
